 Dungeon Sprint DCSS version 0.19-a0-1886-gd64a0f0 (webtiles) character file.

620 poirepourri the Geomancer (level 7, -9/36 HPs)
             Began as a Gargoyle Earth Elementalist on Oct 16, 2016.
             Was an Initiate of Vehumet.
             Mangled by Sonja
             ... wielding a +1 dagger of distortion
              (11 damage)
             ... in the Dungeon (Sprint I: "Red Sonja").
             The game lasted 00:01:41 (766 turns).

poirepourri the Geomancer (GrEE)                     Turns: 766, Time: 00:01:42

Health: -9/36      AC:  6    Str: 11    XL:     7   Next: 46%
Magic:  13/21      EV: 12    Int: 18    God:    Vehumet [......]
Gold:   361        SH:  0    Dex: 10    Spells: 5 memorised, 12 levels left

rFire  . . .     SeeInvis .     (no weapon)
rCold  . . .     Gourm    .     c - +0 robe
rNeg   + . .     Faith    .     (no shield)
rPois  ∞         Spirit   .     (no helmet)
rElec  +         Dismiss  .     (no cloak)
rCorr  .         Reflect  .     (no gloves)
MR     .....     Harm     .     (no boots)
Stlth  ++........ NoTele   +    (no amulet)
                                (no ring)
                                (no ring)

@: no status effects
A: negative energy resistance 1, electricity resistance, unbreathing,
petrification resistance, rot immunity, AC +4
a: Renounce Religion


You were in the Dungeon.
You worshipped Vehumet.
Vehumet was noncommittal.
You were not hungry.

You visited 1 branch You collected 421 gold pieces.
You spent 60 gold pieces at shops.

Inventory:

Armour
 c - a +0 robe (worn)
Scrolls
 j - a scroll of blinking
Potions
 a - a potion of flight {unknown}
 e - 3 potions of curing
 g - a potion of haste
Books
 k - a book of Geomancy

   Spells                             Type                      Level
   a - Sandblast                      Earth                        1
   b - Passwall                       Transmutation/Earth          2
   c - Stone Arrow                    Conjuration/Earth            3
   d - Petrify                        Transmutation/Earth          4
   e - Lee's Rapid Deconstruction     Earth                        5
Comestibles
 d - a bread ration


   Skills:
 - Level 1.5 Dodging
 - Level 2.1 Stealth
 * Level 10.6 Spellcasting
 + Level 1.0 Conjurations
 + Level 0.8 Transmutations
 + Level 12.8 Earth Magic


You had 12 spell levels left.
You knew the following spells:

 Your Spells              Type           Power        Failure   Level  Hunger
a - Sandblast             Erth           ######       1%          1    None
b - Passwall              Tmut/Erth      ####......   1%          2    None
c - Stone Arrow           Conj/Erth      ####..       1%          3    None
d - Petrify               Tmut/Erth      ####....     4%          4    ##.....
e - Lee's Rapid Deconstr  Erth           ######....   1%          5    #####..


Dungeon Overview and Level Annotations

Branches:
Dungeon (1/1)

Altars:
Cheibriados
Dithmenos
Elyvilon
Fedhas
Gozag
Hepliaklqana
Kikubaaqudgha
Makhleb
Nemelex Xobeh
Okawaru
Qazlal
Ru
Sif Muna
Trog
Uskayaw
Vehumet
Xom
Yredelemnul
Zin
The Shining One
Jiyva
Lugonu

Shops:
D !

Annotations:
D Sonja


Innate Abilities, Weirdness & Mutations

You are resistant to torment.
Your stone body is resilient. (AC +4)
You are immune to poison.
You resist negative energy. (rN+)
You are resistant to electric shocks. (rElec)
You can survive without breathing.
You are immune to petrification.
You are immune to rotting.


Message History

Aiming: Stone Arrow
Press: ? - help, Shift-Dir - straight line, f/p - Sonja
Aim: Sonja, wielding a dagger of distortion The stone arrow hits Sonja.
Sonja is heavily wounded.
Sonja hits you but does no damage. Space bends around you.
Sonja hits you but does no damage. Sonja barely misses you.
Casting: Stone Arrow
Confirm with . or Enter, or press ? or * to list all spells.
Aiming: Stone Arrow
Press: ? - help, Shift-Dir - straight line, f/p - Sonja
Aim: Sonja, wielding a dagger of distortion (heavily wounded)
The stone arrow hits Sonja.
Sonja is almost dead.
Sonja hits you with an uncursed dagger of distortion.
* * * LOW HITPOINT WARNING * * *
Space bends around you.
* * * LOW HITPOINT WARNING * * *
Sonja hits you but does no damage. Space warps horribly around you!
You die...

######################
#<.#..)..#..'..#__#..+
#..)..#..').#..'..'..#
#..#####'#####'#__####
#..####..#...#.####
#..#__####..##)#
#..#_____##'#..+
#⌠⌠#_.∩...'.K._#
####_..__##_@#'#
#_____###'#)# #######
#.### $.$ $.$ ##.##
#+#


You could see Sonja.

Vanquished Creatures
  A slime creature (D)
  Sigmund (D)
  A yak (D)
  An ogre (D)
  A jelly (D)
  Ijyb (D)
6 creatures vanquished.

Vanquished Creatures (others)
  A gargoyle (D)
1 creature vanquished.

Grand Total: 7 creatures vanquished

Notes
Turn   | Place    | Note
-------+----------+-------------------------------------------
     0 | D        | poirepourri the Gargoyle Earth Elementalist began the quest for the Orb.
     0 | D        | Reached XP level 1. HP: 10/10 MP: 3/3
     2 | D        | Noticed Ijyb
    31 | D        | Killed Ijyb
    31 | D        | Reached skill level 6 in Earth Magic
    31 | D        | Reached XP level 2. HP: 5/15 MP: 0/7
    31 | D        | Reached XP level 3. HP: 7/19 MP: 0/8
   181 | D        | Learned a level 2 spell: Passwall
   185 | D        | Learned a level 3 spell: Stone Arrow
   259 | D        | Noticed an ogre
   263 | D        | Killed an ogre
   263 | D        | Reached skill level 8 in Earth Magic
   263 | D        | Reached XP level 4. HP: 24/24 MP: 4/12
   399 | D        | Learned a level 4 spell: Petrify
   402 | D        | Noticed Sigmund
   404 | D        | Killed Sigmund
   404 | D        | Reached skill level 10 in Earth Magic
   404 | D        | Reached XP level 5. HP: 28/28 MP: 11/16
   404 | D        | Reached XP level 6. HP: 32/32 MP: 11/17
   412 | D        | Learned a level 5 spell: Lee's Rapid Deconstruction
   528 | D        | Found a deep blue altar of Sif Muna.
   530 | D        | Found a radiant altar of Vehumet.
   532 | D        | Reached skill level 11 in Earth Magic
   540 | D        | Found Atiomnav's Distillery.
   540 | D        | Found an ancient bone altar of Kikubaaqudgha.
   540 | D        | Found a stormy altar of Qazlal.
   540 | D        | Found a blossoming altar of Fedhas.
   540 | D        | Found a bloodstained altar of Trog.
   540 | D        | Found an iron altar of Okawaru.
   540 | D        | Found a glowing golden altar of the Shining One.
   540 | D        | Found a glowing silver altar of Zin.
   540 | D        | Found a white marble altar of Elyvilon.
   540 | D        | Noticed a yak
   541 | D        | Found a hazy altar of Hepliaklqana.
   541 | D        | Found a hide-covered altar of Uskayaw.
   541 | D        | Found a basalt altar of Yredelemnul.
   541 | D        | Found a snail-covered altar of Cheibriados.
   541 | D        | Found a sacrificial altar of Ru.
   541 | D        | Found a shadowy altar of Dithmenos.
   544 | D        | Killed a yak
   544 | D        | Reached skill level 12 in Earth Magic
   544 | D        | Reached XP level 7. HP: 36/36 MP: 4/20
   546 | D        | Became a worshipper of Vehumet
   549 | D        | Found an opulent altar of Gozag.
   557 | D        | Killed a gargoyle
   583 | D        | Found a sparkling altar of Nemelex Xobeh.
   587 | D        | Bought a potion of curing for 30 gold pieces
   587 | D        | Bought a potion of curing for 30 gold pieces
   650 | D        | Found a burning altar of Makhleb.
   650 | D        | Found a shimmering altar of Xom.
   650 | D        | Noticed a slime creature
   654 | D        | Killed a slime creature
   654 | D        | Reached skill level 10 in Spellcasting
   654 | D        | Reached skill level 1 in Conjurations
   710 | D        | Found a viscous altar of Jiyva.
   710 | D        | Found a corrupted altar of Lugonu.
   761 | D        | Noticed Sonja
   766 | D        | Mangled by Sonja

Vault maps used:
D:        dungeon_sprint_1

Skill      XL: |  1  2  3  4  5  6  7 |
---------------+----------------------+-----
Spellcasting   | 4 6 8 9 10 | 10.6
Earth Magic    | 6 8 10 12 | 12.8
Conjurations   | 1 |  1.0
Dodging        | |  1.5
Stealth        | |  2.1
Transmutations | |  0.8

Action                   |  1- 3 |  4- 6 |  7- 9 || total
-------------------------+-------+-------+-------++-------
Melee: Unarmed           |    12 |       |       ||    12
 Cast: Sandblast         |    13 |     3 |     4 ||    20
       Stone Arrow       |       |     4 |     5 ||     9
  Use: Potion            |     3 |       |     1 ||     4
Armor: Robe              |     3 |     3 |    10 ||    16
Dodge: Dodged            |    12 |       |     7 ||    19
